 Dungeon Sprint DCSS version 0.30.0-2-g1aa4bd4387 (webtiles) character file.

Game seed: 17421178250635871865

64 EarthwalkerPL the Covered (level 3, -1/36 (37) HPs)
             Began as a Minotaur Fighter on May 7, 2023.
             Slain by a necrophage (2 damage)
             ... in the Dungeon (Sprint II: "The Violet Keep of Menkaure").
             The game lasted 00:00:13 (12 turns).

EarthwalkerPL the Covered (Minotaur Fighter)          Turns: 12, Time: 00:00:14

HP:   -1/36 (37)    AC:  7    Str: 22    XL:     3   Next: 91%
MP:   2/2           EV:  9    Int:  5    God:
Gold: 0             SH:  5    Dex:  9    Spells: 2/2 levels left

rFire   . . .        a - +0 war axe
rCold   . . .        c - +0 buckler
rNeg    . . .        b - +0 scale mail
rPois   .            (helmet restricted)
rElec   .            (no cloak)
rCorr   .            (no gloves)
SInv    .            (no boots)
Will    .....        (no amulet) Stlth
                     (no ring)
HPRegen 0.26/turn    (no ring)
MPRegen 0.08/turn

%: no teleportation
@: lightly drained
A: horns 2, retaliatory headbutt
a: no special abilities


You were in the Dungeon.
You visited 1 branch

Inventory:

Hand Weapons
 a - a +0 war axe (weapon)
Armour
 b - a +0 scale mail (worn)
 c - a +0 buckler (worn)
Scrolls
 j - a scroll of blinking
Potions
 d - a potion of might
 e - a potion of curing
 f - a potion of heal wounds
 g - a potion of haste
 h - 2 potions of magic
 i - a potion of berserk rage


   Skills:
 + Level 6.2 Fighting
 + Level 4.1 Axes
 + Level 6.2 Armour
 + Level 0.3 Dodging
 + Level 5.8 Shields


You had 2 spell levels left.
You didn't know any spells.
Your spell library was empty.

Dungeon Overview and Level Annotations

Branches:
Dungeon (1/1)

Altars:


Innate Abilities, Weirdness & Mutations

You have a pair of horns on your head.
You reflexively headbutt those who attack you in melee.


Message History

You are too injured to fight recklessly!
Unknown command.
Unknown command.
Unknown command.
There is a staircase leading out of the dungeon here.
You hit the necrophage.
The necrophage is almost destroyed.
You block the necrophage's attack.
The necrophage hits you but does no damage. x2
You hit the necrophage.
The necrophage is almost destroyed.
You hit the necrophage. You slash the necrophage! The necrophage hits you.
* * * LOW HITPOINT WARNING * * *
The necrophage hits you but does no damage. x2
You closely miss the necrophage. You headbutt the necrophage.
You destroy the necrophage!
You hit the necrophage. You slash the necrophage!
The necrophage barely misses you.
The necrophage hits you but does no damage.
The necrophage closely misses you.
The necrophage hits you but does no damage.
You block the necrophage's attack.
Your life force feels restored.
Your Fighting skill gained 3 levels and is now at level 6!
Your Axes skill gained 2 levels and is now at level 4!
Your Armour skill gained 3 levels and is now at level 6!
Your Shields skill gained 2 levels and is now at level 5!
You have reached level 2!
You have reached level 3!
Your experience leads to an increase in your attributes!
Increase (S)trength, (I)ntelligence, or (D)exterity?
You feel stronger. x2
Unknown command.
You closely miss the necrophage. You hit the necrophage.
You barely miss the necrophage. The necrophage hits you.
* * * LOW HITPOINT WARNING * * *
You feel drained.
* * * LOW HITPOINT WARNING * * *
The necrophage hits you.
You die...

## ##
##.
.##
..#..
.$.
#'#
##.##


+nnn+ ##@## #+# You could see 3 necrophages.

Vanquished Creatures
  A necrophage (D)
1 creature vanquished.

Notes
Turn   | Place    | Note
-------+----------+-------------------------------------------
     0 | D        | EarthwalkerPL the Minotaur Fighter began the quest for the
                  | Orb.
     0 | D        | Reached XP level 1. HP: 19/19 MP: 0/0
     1 | D        | Noticed a necrophage
     1 | D        | Noticed a necrophage
     1 | D        | Noticed a necrophage
     1 | D        | Noticed a necrophage
    11 | D        | Killed a necrophage
    12 | D        | Reached skill level 5 in Shields
    12 | D        | Reached XP level 2. HP: 6/30 MP: 1/1
    12 | D        | Reached XP level 3. HP: 8/37 MP: 2/2
    12 | D        | HP: 1/36 [necrophage (1)]
    12 | D        | Slain by a necrophage

Illustrated notes

Levels and vault maps discovered:
D:        the_violet_keep_of_menkaure [sprint2_stairs_cluster_1,
          sprint2_shoproom, sprint2_temple, sprint2_basic_supplies,
          sprint2_obstacle_4, sprint2_obstacle_7, sprint2_obstacle_2,
          sprint2_obstacle_1, sprint2_obstacle_3, sprint2_timed_cluster_1,
          sprint2_smallroom_cluster_1, sprint2_smallroom_final_cluster_1,
          sprint2_transparent_cluster_1, sprint2_second_timed_cluster_1,
          sprint2_sniper_area_1, sprint2_heavy_combat_area_1,
          sprint2_mutation_trap_area_1, sprint2_forest_area_1,
          sprint2_light_combat_area_1, sprint2_behind_water_1,
          sprint2_near_end_vault_1]

Skill      XL: |  1 |
---------------+----+-----
Fighting       | 6 |  6.2
Axes           | 4 |  4.1
Armour         | 6 |  6.2
Shields        | 5 |  5.8
Dodging        | |  0.3

Action                     || total
---------------------------++-------
  Melee: War axe           ||     8
         Headbutt          ||     2
 Armour: Scale mail        ||     7
  Dodge: Dodged            ||     3
  Block: Buckler           ||     2
